 Dungeon Crawl Stone Soup version 0.28-a0-2-g643f2454ad (webtiles) character file.

Game seed: 2511904768320012213

20 quinnr the Gusty (level 2, 0/24 HPs)
             Began as a Tengu Air Elementalist on July 22, 2021.
             Slain by a goblin (2 damage)
             ... on level 1 of the Dungeon.
             The game lasted 00:01:10 (683 turns).

quinnr the Gusty (Tengu Air Elementalist)            Turns: 683, Time: 00:01:11

Health: 0/24       AC:  2    Str:  8    XL:     2   Next: 79%
Magic:  3/6        EV: 12    Int: 15    God:
Gold:   0          SH:  0    Dex: 14    Spells: 4/5 levels left

rFire   . . .      SeeInvis .   (no weapon)
rCold   . . .      Faith    .   (no shield)
rNeg    . . .      Spirit   .   a - +0 robe
rPois   .          Reflect  .   (helmet restricted)
rElec   .          Harm     .   (no cloak)
rCorr   .          Rampage  .   (no gloves)
Will    .....                   (boots unavailable)
Stlth   ..........              (no amulet)
HPRegen 0.08/turn               (no ring)
MPRegen 0.10/turn               (no ring)

@: berserking, lethally poisoned (0 -> -13), very quick
A: beak, talons 3
a: no special abilities


You were on level 1 of the Dungeon.
You visited 1 branch of the dungeon, and saw 1 of its levels.

Inventory:

Armour
 a - a +0 robe (worn)
Scrolls
 b - a scroll of teleportation {unknown}
 c - a scroll of magic mapping {unknown}


   Skills:
 + Level 0.8 Fighting
 + Level 2.5 Dodging
 + Level 2.3 Stealth
 * Level 2.4 Spellcasting
 - Level 1.3 Conjurations
 - Level 4.0 Air Magic


You had 4 spell levels left.
You knew the following spells:

 Your Spells              Type           Power      Damage    Failure   Level
a - Shock                 Conj/Air       36%        1d5       7%          1

Your spell library contained the following spells:

 Spells                   Type           Power      Damage    Failure   Level
 Static Discharge         Conj/Air       9%         N/A       11%         2
 Swiftness                Air            13%        N/A       12%         3
 Airstrike                Air            6%         N/A       38%         4


Dungeon Overview and Level Annotations

Branches:
Dungeon (1/15)

Altars:


Innate Abilities, Weirdness & Mutations

You have a beak for a mouth.
You have claws for feet.


Message History

A bat comes into view.
The zap hits the bat.
The bat is severely wounded.
A bat is nearby!
The zap hits the bat.
You kill the bat!
d - a smoky blue potion You can't see any susceptible monsters within range! (Use Z to cast anyway.)
A ball python comes into view.
Found 17 stones.
The zap hits the ball python.
You kill the ball python!
You can't see any susceptible monsters within range! (Use Z to cast anyway.)
Things that are here:
a +0 dagger; a goblin corpse A goblin comes into view.
It is wielding a +2 dagger of venom.
The goblin shouts!
The zap hits the goblin.
The goblin is severely wounded.
A goblin is nearby!
The zap misses the goblin.
The goblin hits you with a +2 dagger of venom.
You are poisoned.
A goblin is nearby!
The zap misses the goblin.
You feel very sick.
The goblin hits you with a +2 dagger of venom.
You are more poisoned.
There is a lethal amount of poison in your body!
You are too injured to fight recklessly!
Unknown command.
* * * LOW HITPOINT WARNING * * *
You feel very sick.
It was a potion of berserk rage.
A red film seems to cover your vision as you go berserk!
You feel yourself moving faster!
You feel mighty!
* * * LOW HITPOINT WARNING * * *
You feel very sick.
The goblin hits you with a +2 dagger of venom.
You die...

....# #..#..P⌠.≈PP#
...####..#....⌠≈..#
.........###..≈...#####
.#.###..†....P..P.....#
.#.###.)......P.P.###.
...........####.##.....
.#.###.##### #.# .##.#
.#.###.# #.##.##.#
.......# #.@g....#
######## ####.#### .#
.. ###


You could see a goblin.

Vanquished Creatures
  A dart slug (D:1)
  2 ball pythons (D:1)
  2 endoplasms (D:1)
  A giant cockroach (D:1)
  2 goblins (D:1)
  2 hobgoblins (D:1)
  4 bats (D:1)
14 creatures vanquished.

Vanquished Creatures (others)
  2 fungi (D:1)
  A plant (D:1)
3 creatures vanquished.

Grand Total: 17 creatures vanquished

Notes
Turn   | Place    | Note
-------+----------+-------------------------------------------
     0 | D:1      | quinnr the Tengu Air Elementalist began the quest for the
                  | Orb.
     0 | D:1      | Reached XP level 1. HP: 10/10 MP: 4/4
   238 | D:1      | Reached XP level 2. HP: 16/16 MP: 1/6
   491 | D:1      | Found a faded altar of an unknown god.
   683 | D:1      | HP: 2/24 [poisoned by a goblin]
   683 | D:1      | Slain by a goblin

Illustrated notes

Levels and vault maps discovered:
D:1:      dpeg_arrival_court, layout_loops_cross,
          shapermc_ecumenical_altar_mp_ritualfount, serial_glass,
          glass_columns_c, glass_columns_a, glass_columns_a, glass_columns_a

Action                   || total
-------------------------++-------
 Cast: Shock             ||    33
  Use: Potion            ||     1
Armor: Robe              ||     1
Dodge: Dodged            ||     1

Table legend: (Time is in decaauts)
 A = Elapsed time spent in this place.
 B = Non-inter-level travel time spent in this place.
 C = Inter-level travel time spent in this place.
 D = Time resting spent in this place.
 E = Time spent auto-exploring this place.
 F = Levels seen in this place.
 G = Mean time per level.
                   A        B        C        D        E       F      G
               +--------+--------+--------+--------+--------+-----+--------+
         Total |    683 |    683 |      0 |     39 |    583 |   1 |  683.0 |
       Dungeon |    683 |    683 |      0 |     39 |    583 |   1 |  683.0 |
               +--------+--------+--------+--------+--------+-----+--------+

Top non-repeatable levels by time:
     D:1: 683 daAuts
